 Dungeon Crawl Stone Soup version 0.18-a0-1764-gf4ddf0b (webtiles) character file.

188 ryano the Digger (level 5, -1/28 HPs)
             Began as a Gargoyle Earth Elementalist on Apr 13, 2016.
             Slain by a worm (5 damage)
             ... on level 4 of the Dungeon.
             The game lasted 00:15:40 (4097 turns).

ryano the Digger (Gargoyle Earth Elementalist)      Turns: 4097, Time: 00:15:40

Health: -1/28      AC:  8    Str: 11    XL:     5   Next: 67%
Magic:  8/8        EV: 11    Int: 17    God:
Gold:   146        SH:  0    Dex: 10    Spells: 2 memorised, 4 levels left

rFire  . . .     SeeInvis .     e - +0 mace
rCold  . . .     Gourm    .     h - +1 leather armour
rNeg   + . .     Faith    .     (no shield)
rPois  ∞         Spirit   .     (no helmet)
rElec  +         Dismiss  .     (no cloak)
rCorr  .         Reflect  .     (no gloves)
SustAt .         Harm     .     (no boots)
MR     .....                    g - amulet of rage
Stlth  ++........               (no ring)
                                (no ring)

@: not resistant to hostile enchantments, unstealthy
A: negative energy resistance 1, electricity resistance, unbreathing,
petrification resistance, rot immunity, AC +4
a: Evoke Berserk Rage


You were on level 4 of the Dungeon.
You were not hungry.

You visited 1 branch of the dungeon, and saw 4 of its levels.

You collected 146 gold pieces.

Inventory:

Hand Weapons
 e - a +0 mace (weapon)
Missiles
 b - 65 stones (quivered)
Armour
 a - a +0 robe
 h - a +1 leather armour (worn)
 j - a +0 ring mail of cold resistance
Jewellery
 g - an amulet of rage (around neck)
 i - an uncursed ring of fire {unknown}
Scrolls
 f - 2 scrolls of teleportation
Potions
 k - a potion of cancellation {unknown}
 n - 2 potions of curing {unknown}
 o - a potion of lignification {unknown}
 p - a potion of ambrosia {unknown}
Books
 c - a book of Geomancy

   Spells                             Type                      Level
   a - Sandblast                      Earth                        1
   b - Passwall                       Transmutation/Earth          2
   c - Stone Arrow                    Conjuration/Earth            3
   d - Petrify                        Transmutation/Earth          4
   e - Lee's Rapid Deconstruction     Earth                        5
Comestibles
 d - a meat ration
 l - 2 fruits
 m - a bread ration
 q - a royal jelly
 s - a slice of pizza


   Skills:
 + Level 2.1 Armour
 - Level 1.5 Dodging
 - Level 2.1 Stealth
 - Level 2.2 Spellcasting
 + Level 2.1 Conjurations
   Level 0.7 Transmutations
 * Level 6.1 Earth Magic


You had 4 spell levels left.
You knew the following spells:

 Your Spells              Type           Power        Failure   Level  Hunger
a - Sandblast             Erth           ###...       1%          1    #......
b - Stone Arrow           Conj/Erth      ###...       14%         3    ###....


Dungeon Overview and Level Annotations

Branches:
Dungeon (4/15)
 Temple: D:4-7

Altars:
Fedhas
Kikubaaqudgha


Innate Abilities, Weirdness & Mutations

You are resistant to torment.
Your stone body is resilient (AC +4).
You are immune to poison.
You resist negative energy.
You are resistant to electric shocks.
You can survive without breathing.
You are immune to petrification.
You are immune to rotting.


Message History

You hit the worm.
The worm is heavily wounded.
The worm bites you.
* * * LOW HITPOINT WARNING * * *
You barely miss the worm.
The worm is moderately wounded.
You hit the worm but do no damage.
The worm is moderately wounded.
The worm bites you.
* * * LOW HITPOINT WARNING * * *
You sock the worm!
The worm is severely wounded.
The worm closely misses you.
You completely miss the worm.
The worm is severely wounded.
The worm closely misses you.
You hit the worm.
The worm is severely wounded.
The worm bites you.
You die...

## # # .#.#
#.#####.#.#
.........#
####......#
#.....@w..#
#.#....#####
#..........#
#......###.#
#.##.###.....
#......#......
######..#...%..
........#...>.!
.######.#......


You could see a worm.

Vanquished Creatures
  A water moccasin skeleton (D:4)
  A worker ant (D:4)
  2 adders (D:4)
  An ooze (D:1)
  2 adder skeletons (D:3)
  An adder zombie (D:3)
  3 worms
  2 dart slugs
  4 giant geckos
  A ball python (D:2)
  7 giant cockroaches
  2 goblins
  6 hobgoblins
  4 jackals (D:2)
  7 kobolds
  A quokka (D:4)
  9 bats
  5 giant newts
  A quokka skeleton (D:3)
  10 rats
70 creatures vanquished.

Notes
Turn   | Place    | Note
--------------------------------------------------------------
     0 | D:1      | ryano the Gargoyle Earth Elementalist began the quest for the Orb.
     0 | D:1      | Reached XP level 1. HP: 10/10 MP: 3/3
   248 | D:1      | Reached skill level 4 in Earth Magic
   352 | D:1      | Reached XP level 2. HP: 15/15 MP: 1/5
   995 | D:1      | Reached XP level 3. HP: 18/19 MP: 3/6
  1409 | D:2      | Found a blossoming altar of Fedhas.
  1526 | D:2      | Learned a level 3 spell: Stone Arrow
  1648 | D:2      | Found an ancient bone altar of Kikubaaqudgha.
  2090 | D:2      | Reached skill level 5 in Earth Magic
  2180 | D:2      | Reached skill level 1 in Armour
  2276 | D:2      | Reached XP level 4. HP: 18/24 MP: 1/7
  2449 | D:3      | Reached skill level 1 in Conjurations
  2844 | D:3      | Found a faded altar to an unknown god.
  3712 | D:4      | Reached XP level 5. HP: 11/28 MP: 1/8
  3959 | D:4      | Reached skill level 6 in Earth Magic
  4097 | D:4      | Slain by a worm

Vault maps used:
D:1:      lemuel_arrival_cross
D:2:      nicolae_overflow_crystal_walls, fedhas_altar_2, serial_park_tiny_1
D:3:      ecumenical_altar_1, serial_undead, serial_undead_b, serial_undead_c,
          serial_undead_e, serial_undead_c, st_stairs_2
D:4:      lightli_ossuary_entry_decrepit_ruins

Skill      XL: |  1  2  3  4  5 |
---------------+----------------+-----
Earth Magic    | 4 5 6 |  6.1
Armour         | 1 2 |  2.1
Conjurations   | 1 2 |  2.1
Dodging        | |  1.5
Stealth        | |  2.1
Spellcasting   | |  2.2
Transmutations | |  0.7

Action                   |  1- 3 |  4- 6 || total
-------------------------+-------+-------++-------
Melee: Unarmed           |     6 |       ||     6
       Mace              |    49 |    96 ||   145
 Cast: Sandblast         |    73 |    49 ||   122
  Use: Scroll            |     2 |     2 ||     4
 Stab: Sleeping          |       |     1 ||     1
  Eat: Chunk             |     1 |       ||     1
       Bread ration      |     1 |       ||     1
       Meat ration       |       |     2 ||     2
Armor: Leather armour    |    54 |    45 ||    99
Dodge: Dodged            |   105 |    84 ||   189
